 Dungeon Crawl Stone Soup version 0.19-a0-1498-g0b85ae9 (webtiles) character file.

898 Leszczynek the Insei (level 8, -13/72 HPs)
             Began as an Octopode Transmuter on Sept 10, 2016.
             Was a Follower of Okawaru.
             Killed from afar by a deep elf mage (30 damage)
             ... with a stone arrow
             ... on level 7 of the Dungeon.
             The game lasted 00:18:58 (5589 turns).

Leszczynek the Insei (Octopode Transmuter)          Turns: 5589, Time: 00:18:59

Health: -13/72     AC: 24    Str:  9    XL:     8   Next: 7%
Magic:  7/11       EV:  2    Int: 17    God:    Okawaru [*.....]
Gold:   89         SH:  0    Dex: 13    Spells: 4 memorised, 1 level left

rFire  . . .     SeeInvis +       - Unarmed
rCold  . . .     Gourm    .     (no shield)
rNeg   + + +     Faith    .     (helmet currently unavailable)
rPois  +         Spirit   .     o - amulet of regeneration
rElec  .         Dismiss  .     p - ring of resist corrosion
rCorr  +         Reflect  .     u - ring of see invisible
MR     .....     Harm     .     (no ring)
Stlth  +++++..... NoTele   +    (no ring)
                                (no ring)
                                (no ring)
                                (no ring)
                                (no ring)

@: tree-form, heroism, very slightly contaminated, hasted, very quick
A: almost no armour, stealthy swim, (amphibious), 8 rings, (constrict 8),
(camouflage 0), (gelatinous body 0)
a: Heroism, Renounce Religion


You were on level 7 of the Dungeon.
You worshipped Okawaru.
Okawaru was aware of your devotion.
You were not hungry.
You were a tree.
You visited 2 branches of the dungeon, and saw 8 of its levels.

You collected 463 gold pieces.
You spent 374 gold pieces at shops.

Inventory:

Hand Weapons
 b - a +0 hunting sling
 h - a +0 shortbow
Missiles
 a - 96 arrows
 c - 37 sling bullets
Armour
 t - a +2 shield
 y - a +2 large shield of protection
Jewellery
 o - an amulet of regeneration (around neck)
 p - a ring of resist corrosion (left branch)
 u - a ring of see invisible (right branch)
Wands
 l - a wand of confusion (15/48)
 G - a wand of paralysis (8/24)
Scrolls
 e - 2 scrolls of immolation {unknown}
 i - a scroll of remove curse {unknown}
 k - 2 scrolls of enchant armour {unknown}
 r - a scroll of fog {unknown}
 x - a scroll of teleportation {unknown}
 A - 2 scrolls of amnesia {unknown}
 B - 2 scrolls of vulnerability {unknown}
Potions
 g - a potion of haste
 m - a potion of agility
 q - a potion of curing
 v - a potion of magic
 w - 2 potions of cancellation
 z - a potion of berserk rage
 C - a potion of might
 D - 2 potions of invisibility
 E - a potion of resistance
Books
 j - a book of Changes

   Spells                             Type                      Level
   a - Beastly Appendage              Transmutation                1
   b - Sticks to Snakes               Transmutation                2
   c - Spider Form                    Transmutation/Poison         3
   d - Ice Form                       Ice/Transmutation            4
   e - Blade Hands                    Transmutation                5
 s - a Young Poisoner's Handbook

   Spells                             Type                      Level
   a - Sting                          Conjuration/Poison           1
   b - Mephitic Cloud                 Conjuration/Poison/Air       3
   c - Olgreb's Toxic Radiance        Poison                       4
   d - Alistair's Intoxication        Transmutation/Poison         5
   e - Venom Bolt                     Conjuration/Poison           5
Comestibles
 d - 6 bread rations
 f - 3 meat rations
 F - 6 chunks of flesh


   Skills:
 - Level 1.0(6.0) Fighting
 - Level 2.0(7.0) Dodging
 - Level 2.6(7.6) Stealth
 - Level 6.5(11.5) Unarmed Combat
 - Level 2.0 Spellcasting
 + Level 4.0 Transmutations
 - Level 4.6 Ice Magic
 - Level 2.2 Poison Magic


You had one spell level left.
You knew the following spells:

 Your Spells              Type           Power        Failure   Level  Hunger
a - Beastly Appendage     Tmut           ###...       3%          1    #......
b - Sticks to Snakes      Tmut           ###.....     6%          2    ###....
c - Spider Form           Tmut/Pois      ##........   17%         3    ###....
d - Ice Form              Ice/Tmut       ###.....     38%         4    #####..


Dungeon Overview and Level Annotations

Branches:
Dungeon (7/15)             Temple (1/1) D:6

Altars:
Ashenzari
Fedhas
Gozag
Hepliaklqana
Kikubaaqudgha
Okawaru
Qazlal
Ru
Sif Muna
Trog
Xom
Yredelemnul
Zin
The Shining One

Shops:
D:6 !

Annotations:
D:2 exclusions: 2 gnolls and worm
D:3 exclusions: giant newt and orc priest, Terence
D:4 exclusion: water moccasin
D:5 Leszczynek's ghost, amateur OgNe; Pikel
D:6 exclusion: centaur


Innate Abilities, Weirdness & Mutations

You cannot wear most types of armour.
You are very stealthy in the water.
((You are amphibious.))
You can wear up to eight rings at the same time.
((You can use your tentacles to constrict eight enemies at once.))
((Your skin changes colour to match your surroundings (Stealth+).))
((Your rubbery body absorbs attacks. (AC +1, EV +1)))


Message History

Unknown command.
Your transformation has ended.
You turn into a tree.
Your roots penetrate the ground.
The deep elf mage hits you but does no damage.
You closely miss the deep elf mage.
The deep elf mage is moderately wounded.
You hit the deep elf mage.
The deep elf mage is moderately wounded.
The deep elf mage casts a spell.
The deep elf mage blinks!
You feel yourself speed up.
You are very lightly contaminated with residual magic.
You feel as though your hastened speed will last longer.
Unknown command.
You hit the deep elf mage but do no damage.
You punch the deep elf mage.
The deep elf mage is heavily wounded.
The deep elf mage points at you and mumbles some strange words.
Helpless, you fail to dodge the stone arrow.
You die...

.#.######.####.#.. #..#
.#.# #.####.#####.#..#
.#.######............#..#
...............#####.#..#
...##########..#.. #..#
..## #..#.# #..# #.#
#..#.# #..# #.# #..#.#
#..# #.# #..#♣#####..#
#.# #....e......#
#.###########.#?##......#
#..................[#####
#..######.###.#######
#..# #.# ### ...# #.#
##.# #.# ##.# #.#


You could see a deep elf mage.

Vanquished Creatures
  A sky beast (D:5)
  An orc warrior (D:7)
  3 slaves (D:5)
  A centaur (D:7)
  A giant frog (D:6)
  A scorpion (D:6)
  A water moccasin skeleton (D:7)
  2 howler monkeys (D:7)
  A crimson imp (D:6)
  A quasit (D:6)
  2 orc wizards (D:7)
  5 worker ants
  4 adders
  A gnoll (D:5)
  An ooze (D:3)
  An adder skeleton (D:7)
  A worm (D:4)
  A dart slug (D:2)
  3 giant geckos
  5 orcs
  10 bats
  6 giant cockroaches
  5 goblins
  5 hobgoblins
  9 jackals
  3 quokkas
  A ball python (D:2)
  4 giant newts
  6 kobolds
  A quokka skeleton (D:3)
  7 rats
94 creatures vanquished.

Vanquished Creatures (collateral kills)
  An adder (D:4)
  A giant gecko (D:1)
  A jackal (D:2)
3 creatures vanquished.

Vanquished Creatures (others)
  A hound (D:4)
  An adder (D:4)
  A worm (D:4)
  A giant cockroach (D:4)
4 creatures vanquished.

Grand Total: 101 creatures vanquished

Notes
Turn   | Place    | Note
-------+----------+-------------------------------------------
     0 | D:1      | Leszczynek the Octopode Transmuter began the quest for the Orb.
     0 | D:1      | Reached XP level 1. HP: 13/13 MP: 3/3
    36 | D:1      | Reached skill level 1 in Stealth
   171 | D:1      | Reached skill level 2 in Stealth
   191 | D:1      | Reached XP level 2. HP: 14/18 MP: 1/5
   287 | D:1      | Learned a level 2 spell: Sticks to Snakes
   704 | D:1      | Reached XP level 3. HP: 19/23 MP: 4/6
   836 | D:2      | Learned a level 3 spell: Spider Form
  1261 | D:2      | Reached skill level 1 in Poison Magic
  2110 | D:3      | Reached skill level 2 in Poison Magic
  2297 | D:3      | Noticed Terence
  2405 | D:3      | Reached skill level 3 in Transmutations
  2405 | D:3      | Reached XP level 4. HP: 21/28 MP: 5/7
  2949 | D:4      | Found a stormy altar of Qazlal.
  3146 | D:4      | Found a shattered altar of Ashenzari.
  3315 | D:4      | Reached skill level 4 in Transmutations
  3318 | D:4      | Reached XP level 5. HP: 33/33 MP: 5/8
  3341 | D:4      | Found a shimmering altar of Xom.
  3471 | D:4      | Noticed a water moccasin
  3523 | D:5      | Entered Level 5 of the Dungeon
  3535 | D:5      | Found an opulent altar of Gozag.
  3771 | D:5      | Noticed a sky beast
  3813 | D:5      | Killed a sky beast
  3813 | D:5      | Reached skill level 4 in Unarmed Combat
  3950 | D:5      | Reached XP level 6. HP: 25/38 MP: 7/9
  3979 | D:5      | Found a blossoming altar of Fedhas.
  3980 | D:5      | Noticed Leszczynek's ghost (amateur OgNe)
  4055 | D:5      | Noticed a slave
  4077 | D:5      | Killed a slave
  4097 | D:5      | Noticed a slave
  4099 | D:5      | Noticed Pikel
  4114 | D:5      | Killed a slave
  4135 | D:5      | Noticed a slave
  4136 | D:5      | Noticed a slave
  4154 | D:5      | Killed a slave
  4210 | D:5      | Noticed an ice beast
  4299 | D:6      | Reached skill level 5 in Unarmed Combat
  4473 | D:6      | Reached skill level 6 in Unarmed Combat
  4557 | D:6      | Reached XP level 7. HP: 37/43 MP: 6/10
  4614 | D:6      | Found a staircase to the Ecumenical Temple.
  4627 | Temple   | Entered the Ecumenical Temple
  4640 | Temple   | Became a worshipper of Warmaster Okawaru
  4961 | D:6      | Learned a level 4 spell: Ice Form
  5045 | D:6      | Found Eju Ymoc's Distillery.
  5051 | D:6      | Bought 2 potions of invisibility for 176 gold pieces
  5051 | D:6      | Bought a potion of resistance for 110 gold pieces
  5051 | D:6      | Bought a potion of heal wounds for 55 gold pieces
  5051 | D:6      | Bought a potion of lignification for 33 gold pieces
  5130 | D:7      | Reached skill level 1 in Ice Magic
  5148 | D:7      | Reached skill level 2 in Ice Magic
  5445 | D:7      | Reached skill level 3 in Ice Magic
  5454 | D:7      | Reached * piety under Okawaru
  5454 | D:7      | Reached skill level 4 in Ice Magic
  5475 | D:7      | Reached XP level 8. HP: 33/48 MP: 7/11
  5574 | D:7      | Noticed a deep elf mage
  5589 | D:7      | Killed from afar by a deep elf mage

Vault maps used:
D:1:      zaba_arrival_water
D:2:      kennysheep_cross_room
D:3:      first_bread, uniq_terence, uniq_grinder
D:4:      kennysheep_mini_moat, lemuel_round_altar, xom_confusion_cloud
D:5:      fedhas_altar_2, nicolae_gozag_seed_capital, uniq_pikel,
          uniq_prince_ribbit1
D:6:      serial_shops, kennysheep_little_box, kennysheep_pointless_box
D:7:      amethyst_overflow_temple_binary, roderic_lattice_a
Temple:   cyrus_circular_temple

Skill      XL: |  1  2  3  4  5  6  7 |
---------------+----------------------+-----
Stealth        | 2 |  2.6
Poison Magic   | 2 |  2.2
Transmutations | 3 4 |  4.0
Unarmed Combat | 4 6 |  6.5
Ice Magic      | 4 |  4.6
Fighting       | |  1.0
Dodging        | |  2.0
Spellcasting   | |  2.0

Action                   |  1- 3 |  4- 6 |  7- 9 || total
-------------------------+-------+-------+-------++-------
Melee: Unarmed           |   109 |   123 |    65 ||   297
       Kick              |    23 |    13 |       ||    36
       Constrict         |    31 |    20 |     3 ||    54
       Tentacles         |    15 |    11 |     4 ||    30
       Punch             |     2 |     3 |     1 ||     6
 Fire: Hunting sling     |       |    16 |       ||    16
Throw: Stone             |     6 |       |       ||     6
 Cast: Beastly Appendage |    27 |     7 |       ||    34
       Sticks to Snakes  |     5 |     5 |       ||    10
       Spider Form       |       |    12 |     8 ||    20
Invok: Heroism           |       |       |     1 ||     1
  Use: Scroll            |       |     9 |     2 ||    11
       Potion            |       |       |     6 ||     6
 Stab: Sleeping          |     3 |     2 |     2 ||     7
  Eat: Chunk             |     3 |     7 |     4 ||    14
       Bread ration      |     1 |       |       ||     1
Armor: Skin              |    13 |    10 |     8 ||    31
Dodge: Dodged            |    68 |    94 |    37 ||   199
